 Dungeon Crawl Stone Soup version 0.26.0-10-g1f06aea511 (webtiles) character file.

Game seed: 4893465135118931195

830 Borgoz the Slasher (level 7, 0/60 HPs)
             Began as a Ghoul Gladiator on Jan 15, 2021.
             Was an Initiate of Ashenzari.
             Slain by a small abomination (14 damage)
             ... on level 1 of the Abyss.
             The game lasted 00:07:42 (5300 turns).

Borgoz the Slasher (Ghoul Gladiator)                Turns: 5300, Time: 00:07:43

Health: 0/60       AC: 11    Str: 18    XL:     7   Next: 97%
Magic:  6/6        EV: 12    Int:  3    God:    Ashenzari [......]
Gold:   214        SH:  5    Dex: 12    Spells: 6/6 levels left

rFire    + . .     SeeInvis .   a - +0 long sword
rCold    + . .     Faith    .   (no shield)
rNeg     + + +     Spirit   .   g - +0 ring mail
rPois    ∞         Reflect  +   c - +0 helmet
rElec    .         Harm     .   v - +0 cloak
rCorr    .         Rampage  .   k - +1 pair of gloves
Will     .....                  q - +0 pair of boots
Stlth    +.........             h - amulet of reflection
HPRegen  0.00/turn              s - ring of protection from fire
MPRegen  0.10/turn              (no ring)

@: about to teleport
A: claws 1, cold resistance 1, negative energy resistance 3, inhibited
regeneration, torment resistance, unbreathing
a: Renounce Religion, Curse Item


You were on level 1 of the Abyss.
You worshipped Ashenzari.
Ashenzari was noncommittal.
You visited 2 branches of the dungeon, and saw 7 of its levels.
You visited the Abyss 1 time.

You collected 214 gold pieces.

Inventory:

Hand Weapons
 a - a +0 long sword (weapon)
Missiles
 d - 4 throwing nets (quivered)
Armour
 c - a +0 helmet (worn)
 g - a +0 ring mail (worn)
 k - a +1 pair of gloves (worn)
 q - a +0 pair of boots (worn)
 v - a +0 cloak (worn)
Jewellery
 h - an amulet of reflection (around neck)
 s - a ring of protection from fire (left hand)
Wands
 w - a wand of polymorph (8)
Scrolls
 b - 6 scrolls of remove curse
 f - a scroll of fear
 i - 5 scrolls of teleportation
 o - 2 scrolls of enchant armour
 p - a scroll of blinking
 t - 2 scrolls of identify
Potions
 e - 3 potions of might
 j - 3 potions of haste
 l - a potion of attraction {unknown}
 m - 4 potions of curing
 n - a potion of brilliance
 r - 2 potions of cancellation
 u - a potion of heal wounds {unknown}
 x - a potion of mutation {unknown}


   Skills:
 + Level 4.8 Fighting
 * Level 5.5 Long Blades
 - Level 2.2 Throwing
 + Level 3.0 Armour
 + Level 4.4 Dodging


You had 6 spell levels left.
You didn't know any spells.
Your spell library was empty.

Dungeon Overview and Level Annotations

Branches:
Dungeon (6/15)             Temple (1/1) D:5

Altars:
Ashenzari
Cheibriados
Elyvilon
Fedhas
Hepliaklqana
Kikubaaqudgha
Makhleb
Nemelex Xobeh
Okawaru
Qazlal
Ru
Sif Muna
Uskayaw
Xom
Yredelemnul
The Shining One

Shops:
D:4 !


Innate Abilities, Weirdness & Mutations

You thrive by killing the living.
You are immune to poison.
You have sharp fingernails.
Your flesh is cold resistant. (rC+)
You are immune to negative energy. (rN+++)
You do not regenerate when monsters are visible.
You are immune to unholy pain and torment.
You can survive without breathing.


Message History

A ynoxinul comes into view.
The ynoxinul bellows!
You block the small abomination's attack.
Okay, then.
As you read the scroll of teleportation, it crumbles to dust.
You feel strangely unstable.
You feel the power of the Abyss delaying your translocation!
The ynoxinul gestures.
The small abomination closely misses you.
The ufetubus hits you but does no damage.
The ufetubus closely misses you.
The small abomination hits you but does no damage.
The ufetubus closely misses you. x2
The ufetubus shouts!
You block the small abomination's attack.
The small abomination barely misses you.
The small abomination hits you but does no damage.
Found a corrupted altar of Lugonu.
The small abomination hits you!
You die...

.# .# # # #.#..
.. ..#. #.#.##
#_. #...##....
..# ..
...#...##.. ...
#..#.......# ##.#
.#........## ..#
##..# #@..#
..###. .
###x###... .. #..
#...D....# .
#.##.#.##.##.##..
...#.
#.##5.#....#
#.#...##.#...#. .
#..#5....5...#
###.###.####.# #
#.#5##..#..##..#


You could see a bone dragon, a small abomination and an ufetubus (summoned).

Vanquished Creatures
  2 ice beasts (D:5)
  An ogre (D:5)
  A necrophage (D:5)
  A water moccasin zombie (D:5)
  A scorpion (D:4)
  3 jellies
  An orc wizard (D:5)
  A worker ant (D:4)
  A hound zombie (D:2)
  3 gnolls (D:3)
  3 adders
  A white imp (D:5)
  9 oozes
  2 worms
  2 dart slugs
  A leopard gecko (D:1)
  7 orcs
  3 ball pythons
  3 giant cockroaches
  7 goblins
  10 hobgoblins
  6 jackals
  8 bats
  3 frilled lizards (D:1)
  11 kobolds
  7 rats
98 creatures vanquished.

Vanquished Creatures (others)
  Natasha (D:4)
  A fungus (D:2)
  A plant (D:5)
  8 toadstools (D:2)
11 creatures vanquished.

Grand Total: 109 creatures vanquished

Notes
Turn   | Place    | Note
-------+----------+-------------------------------------------
     0 | D:1      | Borgoz the Ghoul Gladiator began the quest for the Orb.
     0 | D:1      | Reached XP level 1. HP: 17/17 MP: 0/0
   181 | D:1      | Reached XP level 2. HP: 24/25 MP: 1/1
   380 | D:1      | Reached skill level 3 in Long Blades
   477 | D:1      | Reached XP level 3. HP: 25/30 MP: 2/2
  1057 | D:2      | Reached XP level 4. HP: 20/37 MP: 3/3
  1606 | D:2      | Reached skill level 1 in Armour
  1606 | D:2      | Reached XP level 5. HP: 27/45 MP: 4/4
  2401 | D:3      | Reached skill level 4 in Long Blades
  2735 | D:3      | Reached XP level 6. HP: 52/52 MP: 5/5
  3129 | D:4      | Noticed Natasha
  3137 | D:4      | Killed Natasha
  3419 | D:4      | Found Katiud's Distillery.
  3795 | D:5      | Entered Level 5 of the Dungeon
  4155 | D:5      | Reached XP level 7. HP: 41/59 MP: 6/6
  4331 | D:5      | Found a staircase to the Ecumenical Temple.
  4343 | Temple   | Entered the Ecumenical Temple
  4356 | Temple   | Became a worshipper of Ashenzari the Shackled
  4426 | D:5      | Reached skill level 5 in Long Blades
  5254 | D:6      | Cast into level 1 of the Abyss (orc wizard)
  5284 | Abyss:1  | Noticed a bone dragon
  5288 | Abyss:1  | Noticed a ynoxinul
  5299 | Abyss:1  | Found a corrupted altar of Lugonu.
  5300 | Abyss:1  | Slain by a small abomination

Illustrated notes

Levels and vault maps discovered:
D:1:      erik_arrival_orb_chamber, layout_rooms
D:2:      cheibrodos_fertilizer, layout_basic, minmay_misc_feat_iff
D:3:      layout_loops_corners, minmay_misc_feat_pillars,
          minmay_goblin_kobold_house
D:4:      layout_gridville, serial_shops, nicolae_shop_trees, uniq_natasha
D:5:      layout_basic, minmay_temple_entry_gardened_gates
D:6:      layout_cave_pods, minmay_fountain_box
Temple:   nicolae_temple_x_marks_the_god
Abyss:1:  base:
D:4

Skill      XL: |  1  2  3  4  5  6  7 |
---------------+----------------------+-----
Throwing       | 2 |  2.2
Dodging        | 3 4 |  4.4
Long Blades    | 3 4 5 |  5.5
Fighting       | 3 4 |  4.8
Armour         | 1 2 3 |  3.0

Action                   |  1- 3 |  4- 6 |  7- 9 || total
-------------------------+-------+-------+-------++-------
Melee: Long sword        |   122 |   211 |    75 ||   408
Throw: Throwing net      |     1 |       |       ||     1
  Use: Scroll            |     3 |    11 |     1 ||    15
Armor: Ring mail         |    52 |    56 |    32 ||   140
       Leather armour    |     4 |       |       ||     4
Dodge: Dodged            |   119 |   126 |    37 ||   282
Block: Other             |       |    59 |    12 ||    71
       Reflection        |       |     1 |       ||     1
       Rpst.: Long sword |    34 |    35 |     9 ||    78
